cohdb
Replays
Latest Replays
All Replays
Popular Replays
Top Player Replays
Match Explorer
How It Works
Community
CoH3 Stats
Reddit
Sign in to upload your games and track your stats! →
Sign in with Steam
Match 45523492
Unlisted
Match 45523492
Overview
Messages
Build Orders
End
Construct Infanterie Kompanie
Selects Breakthrough Battlegroup
Selects Assault Grenadiers
Grenadier Squad
MG 42 Machine Gun Team
GrW 34 Mortar Team
Construct Panzergrenadier Kompanie
Selects 2.5-tonne Cargo Truck
2.5-tonne Cargo Truck
251 Medium Carrier
2.5-tonne Cargo Truck
Construct Panzer Kompanie
MG 42 Machine Gun Team
251 Medium Carrier
Pak 40 Anti-tank Gun Team
Panzer IV Medium Tank
Selects Blitzkrieg
Pioneer Squad
Panzer IV Medium Tank
Repair Bunker
Sturmpanzer IV Brummbär
Pak 40 Anti-tank Gun Team
Panzer Officer Quarters
Panzer IV Medium Tank
Panzer IV Medium Tank
Selects Tiger Heavy Tank
Selects Smoke Bombing Run
Selects Incendiary Bombing Run
Tiger Heavy Tank
Incendiary Bombing Run
Incendiary Bombing Run
Panzer IV Medium Tank
Blitzkrieg
Smoke Bombing Run
Panzer IV Medium Tank
Incendiary Bombing Run
Smoke Bombing Run
Blitzkrieg
Panzer IV Medium Tank
Smoke Bombing Run
Incendiary Bombing Run
Grenadier Squad
♔BanaanBakje♔
JJker
George_Sagan
bathtub soup
dinamix.fr
seb
1206806576
hhggjkm8
0
0
Comments
sign in to comment!
No comments posted yet!